Map: Prion Terraces

Players

Sonik - Winner!

  • Race: Zerg Zerg
  • League: Gold

WildCatBrown

  • Race: Protoss Protoss
  • League: Gold

VOD

Have the link to the VOD?

Description

Time

  • Played on: Jan. 17, 2016, 2:57 p.m.
  • Length: 9:48
Show
View Real Time Build Order
Export as new Build Order

Sonik Zerg - Winner!

Build Orders: Hatch First 

Get SALT Encoding   

  12  0:01  Drone  
  13  0:12  Overlord  
  13  0:21  Drone  
  14  0:30  Drone x2  
  14  0:34  Drone  
  17  0:56  Hatchery  
  16  0:58  Drone  
  16  1:00  Drone  
  18  1:05  Extractor  
  17  1:16  Spawning Pool  
  16  1:19  Drone  
  16  1:22  Drone  
  18  1:28  Drone  
  19  1:38  Overlord  
  19  1:50  Drone  
  20  2:00  Drone  
  21  2:02  Queen  
  21  2:07  Queen  
  25  2:10  Zergling x2  
  25  2:13  Zergling x2  
  27  2:16  Metabolic Boost  
  27  2:19  Drone  
  28  2:25  Drone  
  29  2:36  Drone x2  
  29  2:37  Roach Warren  
  30  2:42  Drone  
  30  2:43  Extractor  
  30  2:49  Overlord  
  30  2:55  Overlord  
  30  3:04  Lair  
  30  3:05  Drone  
  30  3:10  Drone x2  
  33  3:15  Drone x2  
  35  3:24  Drone  
  35  3:26  Burrow  
  36  3:30  Extractor  
  36  3:31  Drone x3  
  36  3:32  Drone  
  37  3:49  Roach x4  
  37  3:50  Roach  
  37  3:53  Overlord  
  47  4:03  Roach x2  
  51  4:13  Roach x3  
  51  4:15  Overlord  
  51  4:16  Overlord  
  57  4:31  Hatchery  
  57  4:37  Evolution Chamber x2  
  54  4:41  Drone x2  
  54  4:42  Drone x4  
  54  4:43  Drone  
  61  4:46  Overlord  
  61  4:49  Glial Reconstitution  
  61  4:59  Drone x3, Extractor  
  63  5:00  Drone  
  63  5:04  Overlord  
  64  5:12  Drone x2, Extractor x2  
  64  5:22  Zerg Missile Weapons Level 1  
  64  5:23  Zerg Ground Armor Level 1  
  64  5:31  Drone x5  
  64  5:32  Drone x2  
  71  5:45  Drone  
  71  5:46  Drone x2  
  65  5:58  Drone x6  
  69  6:06  Roach x3  
  69  6:11  Roach  
  77  6:19  Hydralisk Den  
  77  6:20  Ravager x5  
  81  6:26  Roach  
  81  6:27  Roach x3  
  89  6:36  Queen  
  91  6:40  Overlord x4  
  91  6:50  Hydralisk x2  
  91  6:51  Hydralisk  
  91  6:53  Overlord  
  91  6:54  Overlord  
  97  6:59  Muscular Augments  
  97  7:01  Hydralisk x2  
  97  7:06  Hydralisk x2  
  105  7:10  Drone x2  
  105  7:11  Drone  
  108  7:16  Drone x3  
  111  7:24  Overseer  
  111  7:25  Overseer  
  111  7:32  Hydralisk x4  
  116  8:01  Hatchery  
  116  8:04  Roach  
  116  8:05  Roach x10  
  125  8:09  Hydralisk x2  
  125  8:24  Hydralisk x2  
  125  8:25  Hydralisk x3  
  131  8:41  Hydralisk  
  131  8:42  Hydralisk x4  
  139  8:48  Drone  
  139  8:49  Drone x4  
  145  9:02  Drone  
  145  9:03  Drone  
  145  9:05  Overlord x4  
  146  9:11  Overlord x2  
  144  9:30  Drone  
  144  9:31  Drone x8  
  151  9:34  Extractor  
  151  9:36  Drone, Extractor  
Show
View Real Time Build Order
Export as new Build Order

WildCatBrown Protoss 

Build Orders: 1 Gate Expand 

Get SALT Encoding   

  12  0:01  Probe (Chrono Boost)  
  13  0:11  Probe (Chrono Boost)  
  14  0:22  Probe (Chrono Boost)  
  14  0:23  Pylon  
  15  0:33  Assimilator  
  15  0:41  Probe (Chrono Boost)  
  16  0:48  Gateway  
  16  0:52  Probe (Chrono Boost)  
  17  1:02  Probe (Chrono Boost)  
  18  1:13  Probe (Chrono Boost)  
  19  1:23  Probe (Chrono Boost)  
  20  1:28  Nexus  
  20  1:34  Probe (Chrono Boost)  
  21  1:44  Probe (Chrono Boost)  
  21  1:46  Cybernetics Core  
  22  1:56  Pylon  
  22  1:57  Probe (Chrono Boost)  
  22  2:00  Assimilator  
  23  2:15  Probe (Chrono Boost)  
  24  2:22  Gateway  
  24  2:25  Probe (Chrono Boost)  
  24  2:28  Warp Gate  
  25  2:30  Adept  
  25  2:36  Mothership Core (Chrono Boost)  
  28  2:49  Probe (Chrono Boost)  
  29  2:54  Probe (Chrono Boost)  
  30  2:59  Probe (Chrono Boost)  
  30  3:02  Adept  
  33  3:07  Probe (Chrono Boost)  
  33  3:10  Probe (Chrono Boost)  
  35  3:15  Pylon  
  35  3:18  Probe (Chrono Boost), Adept  
  38  3:25  Probe (Chrono Boost)  
  39  3:27  Robotics Facility  
  39  3:34  Pylon  
  39  3:39  Probe x2 (Chrono Boost)  
  39  3:40  Gateway  
  41  3:49  Adept x2  
  41  3:52  Probe x2 (Chrono Boost)  
  47  3:57  Assimilator  
  47  4:02  Probe (Chrono Boost), Assimilator  
  48  4:11  Probe (Chrono Boost)  
  48  4:13  Probe (Chrono Boost)  
  48  4:14  Warp Prism  
  52  4:26  Probe x2 (Chrono Boost)  
  54  4:36  Probe x2 (Chrono Boost)  
  56  4:43  Adept x3  
  62  5:06  Twilight Council  
  62  5:08  Gateway  
  62  5:11  Gateway  
  62  5:17  Pylon  
  62  5:21  Pylon  
  62  5:24  Forge  
  62  5:27  Forge  
  62  5:35  Probe x2 (Chrono Boost), Observer  
  65  5:39  Adept x3  
  71  5:46  Probe x2 (Chrono Boost)  
  61  6:20  Sentry x2  
  61  6:23  Stalker  
  67  6:27  Blink (Chrono Boost)  
  67  6:34  Protoss Ground Weapons Level 1  
  67  6:42  Nexus  
  67  6:44  Assimilator  
  67  6:45  Stalker x4  
  75  6:47  Assimilator  
  75  6:50  Pylon  
  75  6:53  Pylon  
  75  7:07  Robotics Bay  
  75  7:09  Immortal  
  75  7:12  Pylon  
  79  7:17  Stalker x2  
  79  7:18  Stalker x3  
  89  7:23  Probe x2 (Chrono Boost)  
  91  7:33  Probe x2  
  93  7:37  Protoss Ground Armor Level 1  
  93  7:50  Gateway  
  93  7:52  Gateway  
  93  7:55  Robotics Facility  
  76  8:09  Stalker x4  
  76  8:10  Stalker  
  64  8:34  Stalker x5  
  50  9:00  Disruptor (Chrono Boost)  
  50  9:02  Stalker, Disruptor (Chrono Boost)  
  57  9:03  Stalker x3  
  49  9:11  Mothership Core  
  39  9:18  Stalker  
  39  9:28  Stalker x3  
Tags
 
Add a new tag
Caveats
  • Supply blocks, unpowered buildings, or Contaminate may cause inaccurate times.
  • Supply counts are checked every 10 seconds.